 Dungeon Crawl Stone Soup version 0.27-a0-1180-g7fc4abc71e (webtiles) character file.

Game seed: 7433158841781676759

12263 Bapho the Grappler (level 11, -25/105 HPs)
             Began as a Troll Fighter on May 17, 2021.
             Was a Priest of Qazlal.
             Annihilated by a two-headed ogre
             ... wielding a +0 giant club
              (26 damage)
             ... on level 1 of the Orcish Mines.
             The game lasted 00:18:49 (9251 turns).

Bapho the Grappler (Troll Fighter)                  Turns: 9251, Time: 00:18:50

Health: -25/105    AC:  7    Str: 26    XL:     11   Next: 60%
Magic:  12/12      EV: 17    Int:  7    God:    Qazlal [***...]
Gold:   627        SH: 17    Dex: 15    Spells: 10/10 levels left

rFire    + . .     SeeInvis .     - Unarmed
rCold    + . .     Faith    .   b - +1 kite shield
rNeg     . . .     Spirit   .   C - +0 steam dragon scales
rPois    .         Reflect  .   (helmet restricted)
rElec    .         Harm     .   x - scarf {rC+ rF+}
rCorr    .         Rampage  .   (gloves unavailable)
Will     .....                  (boots unavailable)
Stlth    +.........             (no amulet)
HPRegen  1.27/turn              f - +6 ring of dexterity
MPRegen  0.13/turn              i - +4 ring of evasion

@: studying Dodging
A: large, unfitting armour, claws 3, regeneration 1, shaggy fur 1, tough skin 1
a: Renounce Religion, Upheaval, Elemental Force


You were on level 1 of the Orcish Mines.
You worshipped Qazlal.
Qazlal was most pleased with you.
You visited 2 branches of the dungeon, and saw 12 of its levels.

You collected 685 gold pieces.
You spent 58 gold pieces at shops.

Inventory:

Hand Weapons
 a - the +5 morningstar of Chance {venom, +Rage}
   (You found it on level 10 of the Dungeon)

   It poisons the flesh of those it strikes.
   It lets you go berserk.
Missiles
 g - 211 stones (quivered)
 j - 4 boomerangs
 u - 7 javelins
Armour
 b - a +1 kite shield (worn)
 n - a +1 cloak
 s - a +0 tower shield
 x - a scarf of resistance (worn)
 C - +0 steam dragon scales (worn)
 D - a +0 robe
Jewellery
 f - a +6 ring of dexterity (left claw)
 i - a +4 ring of evasion (right claw)
 p - a ring of fire
 v - a ring of ice
 A - a ring of magical power
Wands
 k - a wand of paralysis (7)
 l - a wand of flame (35)
 o - a wand of acid (10)
 y - a wand of polymorph (9)
Scrolls
 h - 4 scrolls of amnesia
 t - a scroll of enchant armour
 E - a scroll of brand weapon
 F - a scroll of identify
Potions
 c - 4 potions of flight
 d - a potion of ambrosia {unknown}
 e - 4 potions of degeneration
 m - 2 potions of brilliance {unknown}
 q - a potion of might
 r - a potion of heal wounds {unknown}
 w - 2 potions of curing
 z - a potion of magic {unknown}
 B - a potion of cancellation {unknown}


   Skills:
 - Level 5.7 Fighting
 - Level 1.8 Armour
 - Level 7.4 Dodging
 - Level 9.0 Shields
 + Level 12.4 Unarmed Combat
 + Level 2.8 Invocations


You had 10 spell levels left.
You didn't know any spells.
Your spell library contained the following spells:

 Spells                   Type           Power      Damage    Failure   Level
 Apportation              Tloc           0%         N/A       43%         1
 Beastly Appendage        Tmut           0%         N/A       43%         1
 Freeze                   Ice            0%         1d3       43%         1
 Wereblood                Tmut           0%         N/A       56%         2
 Spider Form              Tmut/Pois      0%         N/A       80%         3
 Ice Form                 Ice/Tmut       0%         N/A       99%         4
 Summon Lightning Spire   Summ/Air       0%         N/A       99%         4
 Hydra Form               Tmut           0%         N/A       100%        5
 Metabolic Englaciation   Hex/Ice        0%         N/A       100%        5
 Silence                  Hex/Air        0%         N/A       100%        5
 Summon Forest            Summ/Tloc      0%         N/A       100%        5
 Conjure Ball Lightning   Conj/Air       0%         3x3d6     100%        6
 Disjunction              Tloc           0%         N/A       100%        8
 Tornado                  Air            0%         N/A       100%        9


Dungeon Overview and Level Annotations

Branches:
Dungeon (10/15)            Temple (0/1) D:6             Orc (2/2) D:10
   Lair: D:8-11         Elf: Orc:2

Altars:
Ashenzari
Cheibriados
Kikubaaqudgha
Qazlal
Ru
Wu Jian
The Shining One

Shops:
D:5 *   Orc:1 [!   Orc:2 [

Annotations:
D:10 3 runed translucent doors


Innate Abilities, Weirdness & Mutations

You are too large for most types of armour.
You have claws for hands.
Your natural rate of healing is unusually fast.
You are covered in fur. (AC +1)
You have tough skin. (AC +1)


Message History

You block the two-headed ogre's attack. x2; You block the ogre's attack.
The two-headed ogre moves out of view.
A two-headed ogre comes into view.
It is wielding a +0 giant club and a +0 giant spiked club.
There is a stone staircase leading up, spattered with blood here.
You hear two shouts!
You hear a shout!
You block the warg's attack.
The two-headed ogre is engulfed in freezing vapours.
The two-headed ogre closely misses you. You block the two-headed ogre's attack.
You block the orc warrior's attack. The warg barely misses you.
The orc sorcerer casts a spell.
You climb upwards.
You feel an oppressive heat about you.
There is an entrance to a volcano on this level.
Hurry and find it before the entrance collapses!
There is a stone staircase leading down here.
You mangle the two-headed ogre!!
The two-headed ogre is heavily wounded.
The two-headed ogre hits you with a +0 giant club!
You block the two-headed ogre's attack.
The ogre is engulfed in blazing flames.
The ogre misses you. The warg bites you.
The two-headed ogre hits you with a +0 giant club!!
The two-headed ogre hits you with a +0 giant club.
You block the orc's attack.
The ogre is engulfed in blazing flames.
You kill the ogre!
Qazlal accepts your kill. You block the warg's attack.
You block the warg's attack.
The two-headed ogre is engulfed in blazing flames.
The two-headed ogre misses you.
The two-headed ogre hits you with a +0 giant club!
* * * LOW HITPOINT WARNING * * *
The warg misses you. You block the two-headed ogre's attack.
The two-headed ogre hits you with a +0 giant club!
* * * LOW HITPOINT WARNING * * *
You can't see any clouds you can empower.
The two-headed ogre hits you with a +0 giant club!!
* * * LOW HITPOINT WARNING * * *
The two-headed ogre hits you with a +0 giant club!!
You die...

.......>)......#.....##
........[......##...#.###
.........#..............##
..........#........##....#
............o......####.##
.............O.....###...#
#....................##.##
#...........[.OO#.....###
..........#....#@..#....##
...#.....###.####...#....#
#)........#######..#....##
##.#.∩.....##.##......###
###..).........##.##.##
#....##.#.....###..###
.......####.#.##....#
..##....####...##..##
###....##.##..######


You could see 3 two-headed ogres and an orc.

Vanquished Creatures
  Fannar (Orc:1)
  Erolcha (Orc:1)
  2 boulder beetles (D:8)
  A hydra (D:9)
  A two-headed ogre (D:10)
  An orc knight (D:10)
  An orc sorcerer (D:10)
  A cyclops (D:10)
  A freezing wraith (D:10)
  An unseen horror (D:10)
  A kobold demonologist (D:8)
  A troll (D:10)
  3 shadows
  A vampire (D:10)
  4 wyverns
  Sigmund (D:4)
  3 yaks
  Menkaure (D:4)
  A steam dragon (D:10)
  3 orc warriors
  2 water moccasins
  Duvessa (D:4)
  A black bear (D:5)
  2 ice beasts
  3 ogres
  A centaur (D:8)
  4 kobold brigands
  A phantom (D:10)
  3 bullfrogs
  3 scorpions
  A wyvern zombie (D:8)
  A gnoll sergeant (D:7)
  4 killer bees (D:8)
  2 troll zombies (D:10)
  Dowan (D:4)
  6 wights (D:10)
  2 centaur zombies
  8 howler monkeys
  A hound (D:5)
  Crazy Yiuf (D:3)
  2 gnoll shamans
  A jelly (D:7)
  2 orc priests
  A centaur skeleton (D:6)
  4 iguanas
  2 scorpion zombies (D:5)
  Natasha (thrice) (D:3)
  2 orc wizards (D:5)
  5 ogre zombies (D:10)
  3 hound skeletons (D:4)
  14 gnolls
  8 adders
  A howler monkey skeleton (D:6)
  A white imp (D:7)
  An ufetubus (D:5)
  2 worms
  A dart slug (D:1)
  16 orcs
  7 ball pythons
  8 endoplasms
  5 giant cockroaches
  6 goblins
  3 hobgoblins
  6 jackals
  13 kobolds
  6 quokkas
  A frilled lizard (D:1)
  A goblin skeleton (D:10)
  4 hobgoblin zombies (D:10)
  4 orc skeletons (D:10)
  15 orc zombies (D:10)
  A rat (D:3)
227 creatures vanquished.

Vanquished Creatures (others)
  2 plants (D:10)
2 creatures vanquished.

Grand Total: 229 creatures vanquished

Notes
Turn   | Place    | Note
-------+----------+-------------------------------------------
     0 | D:1      | Bapho the Troll Fighter began the quest for the Orb.
     0 | D:1      | Reached XP level 1. HP: 22/22 MP: 0/0
   115 | D:1      | Reached XP level 2. HP: 29/29 MP: 1/1
   541 | D:1      | Reached XP level 3. HP: 36/36 MP: 2/2
   905 | D:1      | Reached skill level 3 in Unarmed Combat
  1162 | D:2      | Found a faded altar of an unknown god.
  1225 | D:2      | Reached XP level 4. HP: 44/44 MP: 3/3
  1545 | D:3      | Noticed Natasha
  1555 | D:3      | Killed Natasha
  1556 | D:3      | Reached XP level 5. HP: 45/50 MP: 4/4
  1567 | D:3      | Reached skill level 4 in Unarmed Combat
  1993 | D:3      | Noticed Natasha
  2005 | D:3      | Killed Natasha
  2071 | D:3      | Noticed Natasha
  2083 | D:3      | Killed Natasha
  2121 | D:3      | Found a runed translucent door.
  2122 | D:3      | Noticed Crazy Yiuf
  2503 | D:3      | Killed Crazy Yiuf
  2563 | D:3      | Reached XP level 6. HP: 58/59 MP: 5/5
  2669 | D:4      | Noticed Sigmund
  2676 | D:4      | Killed Sigmund
  2677 | D:4      | Reached skill level 5 in Unarmed Combat
  2695 | D:4      | Noticed Menkaure
  2703 | D:4      | Killed Menkaure
  2704 | D:4      | Reached skill level 5 in Shields
  2704 | D:4      | Reached XP level 7. HP: 66/66 MP: 6/6
  2713 | D:4      | Reached skill level 6 in Unarmed Combat
  2746 | D:4      | Found a glowing golden altar of the Shining One.
  2806 | D:4      | Noticed Dowan
  2807 | D:4      | Noticed Duvessa
  2810 | D:4      | Killed Dowan
  2820 | D:4      | HP: 2/66 [Duvessa/+0 short sword (12)]
  2822 | D:4      | Killed Duvessa
  3160 | D:4      | Found a stormy altar of Qazlal.
  3280 | D:4      | Found an ornate altar of the Wu Jian Council.
  3373 | D:4      | Became a worshipper of Qazlal Stormbringer
  3387 | D:5      | Entered Level 5 of the Dungeon
  3427 | D:5      | Reached skill level 7 in Unarmed Combat
  3427 | D:5      | Reached XP level 8. HP: 74/74 MP: 7/7
  3551 | D:5      | Found Goatuit's Mass Market.
  3562 | D:5      | Bought a +0 tower shield for 58 gold pieces
  4370 | D:6      | Reached * piety under Qazlal
  4545 | D:6      | Reached skill level 8 in Unarmed Combat
  4687 | D:6      | Found a staircase to the Ecumenical Temple.
  5340 | D:7      | Found a broken altar of Ashenzari.
  5361 | D:6      | Reached XP level 9. HP: 80/80 MP: 8/8
  5720 | D:7      | Reached skill level 9 in Unarmed Combat
  6229 | D:8      | Noticed a boulder beetle
  6245 | D:8      | Noticed a boulder beetle
  6549 | D:8      | Found a sacrificial altar of Ru.
  6571 | D:8      | Reached skill level 10 in Unarmed Combat
  6579 | D:8      | Killed a boulder beetle
  6580 | D:8      | Reached XP level 10. HP: 65/88 MP: 9/9
  6622 | D:8      | Reached ** piety under Qazlal
  6968 | D:8      | Killed a boulder beetle
  7161 | D:8      | Reached skill level 11 in Unarmed Combat
  7516 | D:9      | Found a snail-covered altar of Cheibriados.
  7518 | D:9      | Found an ancient bone altar of Kikubaaqudgha.
  7925 | D:10     | Entered Level 10 of the Dungeon
  8025 | D:10     | Found a runed translucent gate.
  8025 | D:10     | Found a runed translucent gate.
  8025 | D:10     | Found a runed translucent gate.
  8026 | D:10     | Noticed a white ugly thing
  8026 | D:10     | Noticed a purple ugly thing
  8026 | D:10     | Noticed a cyan ugly thing
  8029 | D:10     | Noticed a brown ugly thing
  8094 | D:10     | Noticed a two-headed ogre
  8116 | D:10     | Killed a two-headed ogre
  8117 | D:10     | Reached skill level 5 in Dodging
  8159 | D:10     | Noticed a seven-headed hydra
  8311 | D:10     | Reached XP level 11. HP: 81/100 MP: 12/12
  8321 | D:10     | Noticed an orc knight
  8338 | D:10     | Killed an orc knight
  8446 | D:10     | Identified the Collected Works on Warped Ice
  8570 | D:10     | Identified the +5 morningstar of Chance {venom, +Rage}
  8602 | D:9      | Killed a seven-headed hydra
  8603 | D:9      | Reached skill level 12 in Unarmed Combat
  8658 | D:10     | Noticed an orc sorcerer
  8678 | D:10     | Killed an orc sorcerer
  8679 | D:10     | Reached skill level 5 in Fighting
  8679 | D:10     | Reached *** piety under Qazlal
  8757 | D:10     | Found a staircase to the Orcish Mines.
  8926 | Orc:1    | Entered Level 1 of the Orcish Mines
  8931 | Orc:1    | Found Ereaf's Distillery.
  8945 | Orc:1    | Noticed Erolcha
  8958 | Orc:1    | Killed Erolcha
  8959 | Orc:1    | Reached skill level 1 in Armour
  9022 | Orc:1    | Noticed Fannar
  9042 | Orc:1    | Killed Fannar
  9062 | Orc:1    | Found Liazxeo's Armour Emporium.
  9221 | Orc:2    | Entered Level 2 of the Orcish Mines
  9221 | Orc:2    | Noticed a two-headed ogre
  9222 | Orc:2    | Found Dutaidgh's Armour Emporium.
  9222 | Orc:2    | Noticed an ogre mage
  9222 | Orc:2    | Noticed a two-headed ogre
  9222 | Orc:2    | Noticed a two-headed ogre
  9222 | Orc:2    | Noticed a two-headed ogre
  9223 | Orc:2    | Noticed an ogre mage
  9225 | Orc:2    | Noticed a two-headed ogre
  9225 | Orc:2    | Noticed a two-headed ogre
  9225 | Orc:2    | Noticed a two-headed ogre
  9226 | Orc:2    | Noticed an ogre mage
  9226 | Orc:2    | Noticed an orc sorcerer
  9227 | Orc:2    | Noticed an ogre mage
  9227 | Orc:2    | Noticed a two-headed ogre
  9238 | Orc:2    | Noticed a two-headed ogre
  9239 | Orc:2    | Noticed a two-headed ogre
  9251 | Orc:1    | HP: 1/105 [two-headed ogre/+0 giant club (23)]
  9251 | Orc:1    | Annihilated by a two-headed ogre

Illustrated notes

Levels and vault maps discovered:
D:1:      evilmike_arrival_rings, layout_loops_ring
D:2:      layout_rooms, ebering_ecumenical_altar_abandoned
D:3:      layout_loops_ring, uniq_natasha, uniq_crazy_yiuf_cottage
D:4:      layout_loops_ring, old_standard_altar, grunt_qazlal_sundering,
          nicolae_wu_jian_immortal_techniques, uniq_duvessa, uniq_menkaure,
          uniq_sigmund
D:5:      layout_loops_ring, minmay_shop_mass
D:6:      layout_cave_pods, minmay_temple_entry_statues,
          hangedman_abyss_or_decor_jellyfish_corner, hangedman_glass_teeth
D:7:      layout_basic, nicolae_overflow_crystal_walls
D:8:      layout_rooms, lemuel_doored_altar, minmay_manual_mandibuliform
D:9:      layout_basic, jmf_multi_god_temple
D:10:     layout_basic, lemuel_tele_altar, dpeg_oklobed_lair, zombieorc2_lemuel,
          serial_corexii_hall, corexii_hall_statues_i, chequers_hall_statues_y,
          ploomutoo_gammafunk_ghost_potion_laboratory, grunt_ministairs_11,
          minmay_pinched_square
Orc:1:    layout_caves, enter_volcano_1, serial_shops, shop,
          nicolae_shop_waterfront, shop_coins, mines3_lemuel, uniq_fannar,
          uniq_erolcha
Orc:2:    st_orc_ogre_mass, layout_caves, special_room, led_sif_book

Skill      XL: |  1  2  3  4  5  6  7  8  9 10 11 |
---------------+----------------------------------+-----
Shields        | 3 4 5 6 7 9 |  9.0
Unarmed Combat | 3 4 5 7 8 10 11 12 | 12.4
Invocations    | 2 |  2.8
Dodging        | 5 7 |  7.4
Fighting       | 4 5 |  5.7
Armour         | 1 |  1.8

Action                   |  1- 3 |  4- 6 |  7- 9 | 10-12 || total
-------------------------+-------+-------+-------+-------++-------
Melee: Unarmed           |    99 |    81 |   262 |   292 ||   734
       Morningstar       |       |       |       |     4 ||     4
Throw: Stone             |    32 |    59 |   157 |   103 ||   351
       Javelin           |       |       |       |     1 ||     1
Invok: Upheaval          |       |       |       |     1 ||     1
 Abil: Evoke Berserk Rag |       |       |       |     1 ||     1
Evoke: Wand              |       |       |     1 |       ||     1
  Use: Scroll            |     2 |     3 |     7 |     2 ||    14
       Potion            |       |       |     2 |       ||     2
Armor: Robe              |    32 |     6 |    24 |     1 ||    63
       Steam dragon scal |       |       |       |    20 ||    20
Dodge: Dodged            |    39 |    28 |    90 |   121 ||   278
Block: Kite shield       |    45 |    23 |   147 |   225 ||   440

Table legend: (Time is in decaauts)
 A = Elapsed time spent in this place.
 B = Non-inter-level travel time spent in this place.
 C = Inter-level travel time spent in this place.
 D = Time resting spent in this place.
 E = Time spent auto-exploring this place.
 F = Levels seen in this place.
 G = Mean time per level.
                   A        B        C        D        E       F      G
               +--------+--------+--------+--------+--------+-----+--------+
         Total |   9287 |   9004 |    283 |    977 |   6119 |  12 |  773.9 |
       Dungeon |   8968 |   8688 |    280 |    940 |   5921 |  10 |  896.8 |
  Orcish Mines |    319 |    316 |      3 |     37 |    198 |   2 |  159.5 |
               +--------+--------+--------+--------+--------+-----+--------+

Top non-repeatable levels by time:
     D:3: 1171 daAuts
     D:9: 1116 daAuts
     D:1: 1107 daAuts
     D:6: 1062 daAuts
     D:5: 868 daAuts
    D:10: 864 daAuts
     D:8: 853 daAuts
     D:7: 752 daAuts
     D:4: 739 daAuts
     D:2: 430 daAuts
   Orc:1: 308 daAuts
   Orc:2: 11 daAuts
